 Dungeon Crawl Stone Soup version 0.30.1-11-g7821555f0a (webtiles) character file.

Game seed: 17299755414620416635

20631 karkarkar the Severer (level 12, -2/112 HPs)
             Began as a Minotaur Fighter on Nov 15, 2023.
             Was a Priest of Trog.
             Slain by a skeletal warrior
             ... wielding a +0 dire flail
              (11 damage)
             ... on level 14 of the Dungeon.
             The game lasted 01:30:26 (13413 turns).

karkarkar the Severer (Minotaur Fighter)           Turns: 13413, Time: 01:30:27

Health: -2/112     AC: 22    Str: 25    XL:     12   Next: 47%
Magic:  11/11      EV:  8    Int:  5    God:    Trog [***...]
Gold:   448        SH: 11    Dex: 23    Spells: 11/11 levels left

rFire   + . .        a - +7 war axe "Sasy" {freeze, rPois Dex+3}
rCold   . . .        Q - +0 kite shield
rNeg    . . .        K - +0 plate armour
rPois   +            d - +2 hat of Gorux {Dex+3 SInv}
rElec   .            r - +0 cloak
rCorr   .            U - +0 pair of gloves
SInv    +            v - +2 pair of boots
Will    +++..        (no amulet) Stlth
                     p - ring of protection from fire
HPRegen 1.38/turn    l - ring of Cowardice {Will+ Dex+6}
MPRegen 0.12/turn

%: no passive effects
@: mighty, strong-willed (expiring), regenerating (expiring)
A: horns 2, retaliatory headbutt
a: Renounce Religion, Berserk, Trog's Hand


You were on level 14 of the Dungeon.
You worshipped Trog.
Trog was most pleased with you.
You visited 1 branch of the dungeon, and saw 15 of its levels.
You also visited: Ossuary and Gauntlet.

You collected 1047 gold pieces.
You spent 599 gold pieces at shops.

Inventory:

Hand Weapons
 a - the +7 war axe "Sasy" (weapon) {freeze, rPois Dex+3}
   (You found it on level 12 of the Dungeon)

   Dex:       It affects your dexterity (+3).
   rPois:     It protects you from poison.
 b - a +4 scimitar of flaming
Missiles
 c - 2 javelins
 h - 38 poisoned darts
 x - a curare-tipped dart
 H - 2 throwing nets
 N - a silver javelin
 P - 2 boomerangs
Armour
 d - the +2 hat of Gorux (worn) {Dex+3 SInv}
   (You found it in a Gauntlet)

   Dex:       It affects your dexterity (+3).
   SInv:      It lets you see invisible.
 r - a +0 cloak (worn)
 v - a +2 pair of boots (worn)
 K - a +0 plate armour (worn)
 Q - a +0 kite shield (worn)
 U - a +0 pair of gloves (worn)
Jewellery
 l - the ring of Cowardice (right hand) {Will+ Dex+6}
   (You found it in a Gauntlet)

   [ring of dexterity]

   Dex:       It affects your dexterity (+6).
   Will:      It increases your willpower.
 o - a ring of poison resistance
 p - a ring of protection from fire (left hand)
 z - a ring of positive energy
 G - a +4 ring of protection
 V - a ring of protection from fire
 W - a ring of resist corrosion
Wands
 g - a wand of iceblast (16)
 t - a wand of flame (14)
 R - a wand of mindburst (21)
 T - a wand of polymorph (3)
 Z - a wand of light (4)
Scrolls
 e - a scroll of fear
 f - a scroll of identify
 i - a scroll of magic mapping
 j - 4 scrolls of fog
 s - 5 scrolls of enchant weapon
 u - a scroll of brand weapon
 y - 4 scrolls of immolation
 A - 4 scrolls of enchant armour
 B - 2 scrolls of teleportation
 I - 2 scrolls of poison
 J - a scroll of noise
 M - 2 scrolls of butterflies {unknown}
Potions
 k - 2 potions of ambrosia
 m - 6 potions of curing
 q - 3 potions of cancellation
 w - 2 potions of mutation
 C - 4 potions of flight
 D - a potion of attraction
 E - 2 potions of invisibility
 F - 2 potions of lignification
 L - 2 potions of resistance
 S - a potion of might
 Y - a potion of haste
Miscellaneous
 O - a condenser vane (inert) (quivered)


   Skills:
 + Level 12.1 Fighting
 - Level 16.0 Axes
 + Level 7.9 Throwing
 - Level 9.3 Armour
 - Level 3.1 Dodging
 - Level 3.9 Shields
 * Level 5.9 Evocations


You had 11 spell levels left.
You didn't know any spells.
Your spell library contained the following spells:

 Spells                   Type           Power      Damage    Failure   Level
 Kiss of Death            Conj/Necr      0%         2d5       100%        1
 Call Canine Familiar     Summ           0%         N/A       100%        3
 Confusing Touch          Hex            0%         N/A       100%        3
 Portal Projectile        Hex/Tloc       0%         N/A       100%        3
 Dispel Undead            Necr           0%         3d6       100%        4
 Leda's Liquefaction      Hex/Erth       0%         N/A       100%        4


Dungeon Overview and Level Annotations

Branches:
Dungeon (15/15)            Temple (0/1) D:5            Lair (0/5) D:11
    Orc (0/2) D:9         Ossuary (visited)         Gauntlet (visited)
 Vaults: D:13-14     Depths: D:15

Altars:
Ashenzari
Fedhas
Kikubaaqudgha
Makhleb
Okawaru
Ru
Sif Muna
Trog
Uskayaw
Yredelemnul
The Shining One

Shops:
D:9 (   D:14 !

Annotations:
D:3 1 runed translucent door, Crazy Yiuf, Sigmund


Innate Abilities, Weirdness & Mutations

You have a pair of horns on your head.
You reflexively headbutt those who attack you in melee.


Message History

The centaur warrior closely misses you.
The tengu warrior is engulfed in noxious fumes.
The tengu warrior appears confused.
You closely miss the centaur warrior. You headbutt the centaur warrior!
The centaur warrior is severely wounded.
You barely miss the tengu warrior.
The centaur warrior hits you but does no damage.
You block the centaur warrior's attack. The centaur warrior hits you.
* * * LOW HITPOINT WARNING * * *
The centaur warrior kicks you but does no damage.
You slash the centaur warrior! You freeze the centaur warrior.
You headbutt the centaur warrior.
You kill the centaur warrior!
Trog accepts your kill.
You hit the boulder beetle. You freeze the boulder beetle.
The boulder beetle is engulfed in noxious fumes.
The boulder beetle bites you.
* * * LOW HITPOINT WARNING * * *
The tengu warrior is engulfed in noxious fumes.
The tengu warrior appears confused.
The tengu warrior looks very confused.
Your Fighting skill increases to level 12!
The boulder beetle attacks as you move away!
The boulder beetle bites you!
* * * LOW HITPOINT WARNING * * *
The boulder beetle is engulfed in noxious fumes.
The boulder beetle appears confused.
The boulder beetle wildly waves its antennae.
The tengu warrior gestures wildly.
The tengu warrior is engulfed in noxious fumes.
The tengu warrior appears confused.
The tengu warrior is engulfed in noxious fumes.
Found a wand of flame (6).
Found a stone staircase leading up.
The skeletal warrior hits you with a +0 dire flail!
* * * LOW HITPOINT WARNING * * *
You feel the effects of Trog's Hand fading.
The skeletal warrior hits you with a +0 dire flail.
* * * LOW HITPOINT WARNING * * *
The skeletal warrior hits you with a +0 dire flail!
You die...

**#..................#*,** ***+
*,,.##..............##..* **,,
,,***##..#........###..#* *,,,
,,,**#....##.....##*..#* *8,,
,*,,#..#...##..###*#.#* *∩,,
,*#...##....#### *#..## **,8
,*##.#*#.....## *#....# ***
*,*#.*#.###.^.###..<..##
**,#,#.#*#......@......#
****,##*#......z.......#*
,,,,8,........z.........*
****,*###...............**
**,*,*,*##..............,*
*,**,**,*##.............,*
,***,***,...............,**
,**,,,**,./..............,* ####
,*,,,,,*,,,,,,,,,,,,,,,...###.###


You could see 2 skeletal warriors.

Vanquished Creatures
  A minotaur (Gauntlet)
  A centaur warrior (D:14)
  A boulder beetle (D:11)
  A catoblepas (D:14)
  2 tengu warriors (D:14)
  Amaemon (D:8)
  A skeletal warrior (D:14)
  A sixfirhy (Gauntlet)
  Pikel (D:5)
  An ugly thing (D:12)
  A cyclops (D:14)
  A moth of wrath (Gauntlet)
  A molten gargoyle (Gauntlet)
  A gargoyle (Gauntlet)
  A rime drake (D:11)
  Maggie (D:7)
  An orange demon (D:8)
  An efreet (D:12)
  3 unseen horrors
  A komodo dragon (D:10)
  A kobold demonologist (D:11)
  5 trolls
  A shadow (D:9)
  2 wyverns
  3 yaks (D:11)
  2 steam dragons
  10 vampire mosquitoes
  Edmund (D:4)
  4 acid dragons
  2 water moccasins (D:7)
  A sky beast (D:2)
  5 ice beasts
  2 black bears
  5 orc warriors
  7 ogres
  9 wolves
  A boggart (D:14)
  6 centaurs
  A phantom (D:7)
  2 lemures (D:5)
  5 kobold brigands (D:9)
  Blork the orc (D:5)
  3 bullfrogs
  3 gnoll sergeants
  3 scorpions
  14 wights
  9 killer bees (D:9)
  A vampire bat (D:5)
  3 hounds
  4 orc priests
  A jelly (D:5)
  Ijyb (D:4)
  A sleepcap (D:8)
  8 iguanas
  9 orc wizards
  12 mummies
  Robin (D:3)
  10 gnolls
  8 adders
  4 white imps
  5 ufetubi
  A worm (D:5)
  3 dart slugs
  26 orcs
  9 ball pythons
  4 bat skeletons (D:5)
  2 bat zombies (D:5)
  5 endoplasms
  9 giant cockroaches
  17 goblins
  10 hobgoblins
  7 jackals
  7 kobolds
  2 quokkas
  3 bats
  8 frilled lizards
  A gnoll skeleton (Ossuary)
  3 goblin skeletons (Ossuary)
  A hobgoblin zombie (D:5)
  2 kobold skeletons (Ossuary)
  A kobold zombie (D:5)
  2 orc skeletons (Ossuary)
  6 rats
  11 rat skeletons (Ossuary)
339 creatures vanquished.

Vanquished Creatures (others)
  A molten gargoyle (Gauntlet)
1 creature vanquished.

Grand Total: 340 creatures vanquished

Notes
Turn   | Place    | Note
-------+----------+-------------------------------------------
     0 | D:1      | karkarkar the Minotaur Fighter began the quest for the Orb.
     0 | D:1      | Reached XP level 1. HP: 19/19 MP: 0/0
    68 | D:1      | Reached XP level 2. HP: 27/27 MP: 1/1
   675 | D:1      | Reached skill level 3 in Axes
   959 | D:2      | Reached XP level 3. HP: 33/33 MP: 2/2
  1653 | D:3      | Noticed Robin
  1659 | D:3      | Reached XP level 4. HP: 32/40 MP: 3/3
  1664 | D:3      | Noticed a sky beast
  1668 | D:3      | Killed Robin
  1669 | D:3      | Reached skill level 4 in Axes
  1677 | D:2      | Killed a sky beast
  1678 | D:2      | Reached skill level 5 in Axes
  1678 | D:2      | Reached skill level 1 in Dodging
  1678 | D:2      | Reached XP level 5. HP: 16/47 MP: 4/4
  1814 | D:3      | Noticed Sigmund
  2307 | D:3      | Found a runed translucent door.
  2308 | D:3      | Noticed Crazy Yiuf
  2559 | D:3      | Reached XP level 6. HP: 53/53 MP: 5/5
  2888 | D:4      | Reached skill level 5 in Armour
  2943 | D:4      | Noticed Ijyb
  2951 | D:4      | Killed Ijyb
  2952 | D:4      | Reached skill level 6 in Axes
  2956 | D:4      | Reached skill level 1 in Throwing
  3382 | D:4      | Noticed Edmund
  3393 | D:4      | Killed Edmund
  3394 | D:4      | Reached skill level 5 in Fighting
  3394 | D:4      | Reached XP level 7. HP: 34/61 MP: 6/6
  3648 | D:4      | Reached skill level 7 in Axes
  3815 | D:5      | Entered Level 5 of the Dungeon
  3956 | D:5      | Found a sand-covered staircase.
  3964 | Ossuary  | Entered an ossuary
  4229 | Ossuary  | Reached XP level 8. HP: 64/70 MP: 7/7
  4348 | D:5      | Reached skill level 8 in Axes
  4362 | D:5      | Noticed Pikel
  4377 | D:5      | Killed Pikel
  4378 | D:5      | Reached skill level 9 in Axes
  4617 | D:5      | Found a staircase to the Ecumenical Temple.
  4726 | D:5      | Found a sacrificial altar of Ru.
  4734 | D:5      | Found a hide-covered altar of Uskayaw.
  4735 | D:5      | Found a basalt altar of Yredelemnul.
  4736 | D:5      | Found a burning altar of Makhleb.
  4736 | D:5      | Found a bloodstained altar of Trog.
  4736 | D:5      | Found an iron altar of Okawaru.
  4737 | D:5      | Found a shimmering blue altar of Sif Muna.
  4809 | D:5      | Became a worshipper of Trog the Wrathful
  5138 | D:5      | Found an ancient bone altar of Kikubaaqudgha.
  5338 | D:5      | Noticed Blork the orc
  5344 | D:5      | Killed Blork the orc
  5517 | D:6      | Reached XP level 9. HP: 77/78 MP: 8/8
  5696 | D:6      | Reached skill level 10 in Axes
  6091 | D:6      | Reached * piety under Trog
  6811 | D:7      | Reached skill level 5 in Throwing
  6821 | D:7      | Reached skill level 11 in Axes
  7325 | D:7      | Found a blossoming altar of Fedhas.
  7710 | D:7      | Noticed Maggie
  7720 | D:7      | Killed Maggie
  7891 | D:7      | Reached XP level 10. HP: 88/88 MP: 9/9
  8280 | D:8      | Found a glowing golden altar of the Shining One.
  8297 | D:8      | Noticed an orange demon
  8299 | D:8      | Noticed Amaemon
  8315 | D:8      | Killed an orange demon
  8478 | D:8      | Reached ** piety under Trog
  8479 | D:8      | Reached skill level 12 in Axes
  8694 | D:8      | Killed Amaemon
  9153 | D:9      | Found Qucwud's Firing Range.
  9160 | D:9      | Bought 5 javelins for 195 gold pieces
  9160 | D:9      | Bought 2 silver javelins for 234 gold pieces
  9226 | D:9      | Found a broken altar of Ashenzari.
  9298 | D:9      | Reached skill level 1 in Evocations
  9442 | D:9      | Found a staircase to the Orcish Mines.
  9458 | D:9      | Reached skill level 13 in Axes
 10137 | D:9      | Reached skill level 14 in Axes
 10137 | D:9      | Reached XP level 11. HP: 75/95 MP: 10/10
 10463 | D:10     | Entered Level 10 of the Dungeon
 11213 | D:10     | Reached *** piety under Trog
 11384 | D:11     | Reached skill level 15 in Axes
 11580 | D:11     | Noticed a boulder beetle
 11591 | D:11     | Killed a boulder beetle
 11774 | D:11     | Found a staircase to the Lair.
 12034 | D:12     | Reached skill level 16 in Axes
 12153 | D:12     | Noticed a cyan ugly thing
 12159 | D:12     | Killed a cyan ugly thing
 12160 | D:12     | Reached skill level 10 in Fighting
 12527 | D:12     | Identified the +7 war axe "Sasy" {freeze, rPois Dex+3}
 12635 | D:13     | You fall into a shaft and drop 2 floors!
 12635 | D:15     | Entered Level 15 of the Dungeon
 12636 | D:15     | Noticed an orc knight
 12636 | D:15     | Noticed an orc sorcerer
 12636 | D:15     | Paralysed by an orc sorcerer for 4 turns
 12665 | D:14     | Found a gate leading to a gauntlet.
 12678 | Gauntlet | Entered a Gauntlet
 12678 | Gauntlet | Noticed a sixfirhy
 12678 | Gauntlet | Found a transporter.
 12681 | Gauntlet | Found a transporter.
 12691 | Gauntlet | Killed a sixfirhy
 12732 | Gauntlet | Found a transporter.
 12734 | Gauntlet | Noticed a sixfirhy
 12752 | Gauntlet | Found a transporter.
 12805 | Gauntlet | Found a transporter.
 12805 | Gauntlet | Found a transporter.
 12805 | Gauntlet | Found a transporter.
 12814 | Gauntlet | Noticed a dire elephant
 12815 | Gauntlet | Noticed a catoblepas
 12823 | Gauntlet | Reached XP level 12. HP: 77/107 MP: 11/11
 12942 | Gauntlet | Identified the ring of Cowardice {Will+ Dex+6}
 12975 | Gauntlet | Found a transporter.
 12975 | Gauntlet | Found a transporter.
 12978 | Gauntlet | Identified the +2 hat of Gorux {Dex+3 SInv}
 13103 | Gauntlet | Noticed a minotaur
 13118 | Gauntlet | Killed a minotaur
 13119 | Gauntlet | Reached skill level 5 in Evocations
 13179 | D:14     | Found Xagog's Distillery.
 13187 | D:14     | Bought a potion of might for 68 gold pieces
 13187 | D:14     | Bought a potion of curing for 51 gold pieces
 13187 | D:14     | Bought a potion of curing for 51 gold pieces
 13207 | D:14     | Noticed a tengu warrior
 13208 | D:14     | Noticed a tengu warrior
 13213 | D:14     | Noticed a seven-headed hydra
 13228 | D:14     | Noticed a centaur warrior
 13232 | D:14     | Killed a tengu warrior
 13243 | D:14     | Killed a tengu warrior
 13264 | D:14     | Noticed a tengu warrior
 13375 | D:14     | Noticed a tengu warrior
 13375 | D:14     | Noticed a catoblepas
 13376 | D:14     | Noticed a centaur warrior
 13379 | D:14     | Noticed a boulder beetle
 13396 | D:14     | Killed a catoblepas
 13400 | D:14     | Killed a centaur warrior
 13413 | D:14     | Slain by a skeletal warrior

Illustrated notes

Levels and vault maps discovered:
D:1:      dpeg_arrival_tiny_b, layout_loops_corners
D:2:      layout_loops_ring, chequers_mini_garden, grunt_ministairs_8,
          nrook_uturn, kennysheep_potato
D:3:      layout_rooms, serial_co_window_serial, co_window_corner_a,
          co_window_of_opportunity_a, co_window_of_opportunity_a,
          co_window_corner_a, co_window_paths_a, co_window_corner_a,
          co_window_corner_a, co_window_corner_b, co_window_broadway_b,
          co_window_corner_ca, co_window_corner_b, co_window_corner_cb,
          co_window_2corner, glass_columns_b, glass_columns_c, glass_columns_c,
          glass_columns_b, glass_columns_c, uniq_crazy_yiuf_cottage, uniq_robin,
          uniq_sigmund
D:4:      layout_rooms, kennysheep_generic_room_5, uniq_edmund, uniq_ijyb
D:5:      layout_basic, minitemple, kennysheep_vampire_church,
          minmay_temple_entry_offerings, nicolae_ossuary_entry_giza,
          uniq_blork_the_orc, uniq_pikel
D:6:      layout_basic, moated_statue, minmay_lizard_king
D:7:      layout_gridville, fedhas_altar_1, kennysheep_diamond,
          grunt_ministairs_12, uniq_maggie
D:8:      layout_cave_pools, tso_oasis_becter, uniq_amaemon
D:9:      layout_loops_ring, ashenzari_altar_1,
          kennysheep_orc_monster_closet_entryway, nrook_mini_vaults,
          nicolae_shop_firing_range
D:10:     layout_long_grid
D:11:     layout_rooms, hellmonk_lair_entry_icy
D:12:     layout_gridville
D:13:     minmay_connected_boxes_in_corner, layout_irregular_city, erik_vaults_1
D:14:     layout_cave_pods, gauntlet_entry_generic, ebering_ghost_gozag,
          serial_shops, nicolae_shop_window_shopping,
          dreamdust_mushroom_princess, kb_rosetta
D:15:     grunt_enter_depths_snipers, layout_basic, uniq_josephine

Skill      XL: |  1  2  3  4  5  6  7  8  9 10 11 12 |
---------------+-------------------------------------+-----
Axes           | 3 5 6 7 9 11 14 16 | 16.0
Armour         | 4 5 6 8 9 |  9.3
Fighting       | 4 5 6 7 8 10 12 | 12.1
Dodging        | 1 2 3 |  3.1
Throwing       | 2 4 5 6 7 |  7.9
Evocations     | 2 4 5 |  5.9
Shields        | |  3.9

Action                     |  1- 3 |  4- 6 |  7- 9 | 10-12 || total
---------------------------+-------+-------+-------+-------++-------
  Melee: War axe           |    94 |    93 |   318 |   423 ||   928
         Headbutt          |     6 |    14 |    55 |    84 ||   159
  Throw: Dart              |     3 |    13 |       |    11 ||    27
         Boomerang         |       |       |    18 |       ||    18
         Javelin           |       |       |       |    31 ||    31
 Invoke: Berserk           |       |       |     1 |       ||     1
         Trog's Hand       |       |       |       |    16 ||    16
  Evoke: Wand              |       |       |     5 |     1 ||     6
         Condenser vane    |       |       |       |     1 ||     1
    Use: Scroll            |       |     1 |    19 |    14 ||    34
         Potion            |       |     1 |     1 |     9 ||    11
   Stab: Confused          |       |       |       |     2 ||     2
 Armour: Scale mail        |    57 |    33 |    81 |       ||   171
         Plate armour      |       |       |    53 |   360 ||   413
  Dodge: Dodged            |    49 |    50 |   126 |   187 ||   412
  Block: Buckler           |    21 |    23 |    57 |    43 ||   144
         Kite shield       |       |       |       |   168 ||   168
